 Dungeon Crawl Stone Soup version 0.23-a0-49-gd9f7a49668 (webtiles) character file.

165156 Htamos the Brawler (level 17, -6/192 HPs)
             Began as a Troll Chaos Knight on Aug 7, 2018.
             Killed from afar by a battlesphere (10 damage)
             ... created by a deep elf mage
             ... on level 1 of the Elven Halls.
             The game lasted 01:03:58 (29553 turns).

Htamos the Brawler (Troll Chaos Knight)            Turns: 29553, Time: 01:03:58

Health: -6/192     AC: 11    Str: 20 (27) XL:     17   Next: 2%
Magic:  16/16      EV:  8    Int:  3 (8)  God:    Xom [..*...]
Gold:   2224       SH: 21    Dex:  2 (9)  Spells: 16/16 levels left

rFire    . . .     SeeInvis .     - Unarmed
rCold    . . .     Gourm    +   z - +2 large shield
rNeg     . . .     Faith    .   Y - +0 troll leather armour
rPois    .         Spirit   .   R - +2 hat
rElec    .         Reflect  +   V - +1 cloak {+Inv}
rCorr    .         Harm     .   (gloves unavailable)
MR       +++..     Clarity  +   (boots unavailable)
Stlth    ..........             m - +4 amulet of reflection
HPRegen  1.22/turn              I - ring of protection from magic
MPRegen  0.15/turn              T - ring of protection from magic

@: very slightly contaminated, invisible (expiring)
A: large, unfitting armour, claws 3, clarity, deterioration 1, fast metabolism
3, gourmand, mutation resistance 1, regeneration 1, robust 1, shaggy fur 1,
tough skin 2, weak 1, wild magic 1
}: 1/15 runes: gossamer
a: Renounce Religion


You were on level 1 of the Elven Halls.
You worshipped Xom.
You were a toy of Xom.
You were not hungry.

You visited 5 branches of the dungeon, and saw 27 of its levels.

You collected 2806 gold pieces.
You spent 582 gold pieces at shops.

Inventory:

Hand Weapons
 o - a +4 war axe of chaos
 L - the +11 battleaxe of Tumult {vamp, rC+ rN+ Int+2}
   (You found it on level 8 of the Dungeon)

   It inflicts no extra harm, but heals its wielder when it wounds a living foe.
   It affects your intelligence (+2).
   It protects you from cold.
   It protects you from negative energy.
Missiles
 e - 15 javelins (quivered)
 q - 5 large rocks
 M - 47 sling bullets
Armour
 k - the +2 shield "Damnable Contraption" {Regen+ Int+2}
   (You took it off Asterion on level 1 of the Spider Nest)

   It affects your intelligence (+2).
   It increases your rate of regeneration.
 z - a +2 large shield (worn)
 R - a +2 hat (worn)
 V - a +1 cloak of invisibility (worn)
 Y - a +0 troll leather armour (worn)
Jewellery
 a - a +2 ring of protection
 h - a +2 ring of intelligence
 l - an uncursed ring of poison resistance
 m - a +4 amulet of reflection (around neck)
 t - a +5 ring of evasion
 I - a ring of protection from magic (left claw)
 P - an uncursed ring of protection from fire
 T - a ring of protection from magic (right claw)
 U - a +4 ring of dexterity
Wands
 n - a wand of random effects (12)
 x - a wand of flame (55)
 y - a wand of iceblast (1)
 B - a wand of acid (2)
 E - a wand of enslavement (7)
 F - a wand of polymorph (19)
 G - a wand of clouds (3)
 W - a wand of disintegration (8)
Scrolls
 c - 11 scrolls of remove curse
 f - 4 scrolls of immolation
 g - 3 scrolls of magic mapping
 p - 6 scrolls of teleportation
 r - 6 scrolls of blinking
 v - a scroll of fear
 A - 4 scrolls of amnesia
 J - 2 scrolls of brand weapon
 K - a scroll of holy word
 O - a scroll of fog
Potions
 d - 2 potions of lignification
 i - 6 potions of flight
 j - a potion of magic
 s - 4 potions of ambrosia
 w - 4 potions of brilliance
 C - 2 potions of might
 D - 2 potions of mutation
 H - 4 potions of haste
 N - 5 potions of curing {unknown}
 S - 3 potions of resistance
Miscellaneous
 u - a lamp of fire
Comestibles
 b - 33 rations


   Skills:
 + Level 12.7 Fighting
 + Level 2.7 Armour
 + Level 12.6 Dodging
 + Level 8.3 Shields
 * Level 19.7 Unarmed Combat


You had 16 spell levels left.
You didn't know any spells.
Your spell library contained the following spells:

 Spells                   Type           Power        Failure   Level  Hunger
 Cause Fear               Hex            #.........   100%        4    #####..
 Magic Dart               Conj           #...         98%         1    ##.....
 Conjure Flame            Conj/Fire      #.......     100%        3    ####...
 Slow                     Hex            #.......     99%         2    ###....
 Mephitic Cloud           Conj/Pois/Air  #.......     100%        3    ####...
 Blink                    Tloc           N/A          99%         2    ###....
 Iskenderun's Mystic Bla  Conj           #.......     100%        4    #####..
 Animate Dead             Necr           N/A          100%        4    #####..
 Pain                     Necr           #...         98%         1    ##.....
 Animate Skeleton         Necr           N/A          98%         1    ##.....
 Vampiric Draining        Necr           #.........   100%        3    ####...
 Call Imp                 Summ           #.......     99%         2    ###....
 Regeneration             Chrm/Necr      #.........   100%        3    ####...
 Stone Arrow              Conj/Erth      #.....       100%        3    ####...
 Spider Form              Tmut/Pois      #.........   100%        3    ####...
 Blade Hands              Tmut           #.........   100%        5    ######.
 Ice Form                 Ice/Tmut       #.......     100%        4    #####..
 Deflect Missiles         Chrm/Air       #.........   100%        6    #######
 Ignite Poison            Fire/Tmut/Pois #.......     100%        3    ####...
 Sticks to Snakes         Tmut           #.......     99%         2    ###....
 Call Canine Familiar     Summ           #.......     100%        3    ####...
 Silence                  Hex/Air        #.........   100%        5    ######.
 Inner Flame              Hex/Fire       #.......     100%        3    ####...
 Beastly Appendage        Tmut           #.....       98%         1    ##.....
 Fulminant Prism          Conj/Hex       #.........   100%        4    #####..
 Dazzling Spray           Conj/Hex       #.....       100%        3    ####...
 Force Lance              Conj/Tloc      #.......     100%        4    #####..
 Searing Ray              Conj           #.....       99%         2    ###....
 Discord                  Hex            #.........   100%        8    #######
 Yara's Violent Unravell  Hex/Tmut       #.........   100%        5    ######.


Dungeon Overview and Level Annotations

Branches:
Dungeon (14/15)            Temple (0/1) D:6            Lair (6/6) D:9
 Shoals (0/4) Lair:4       Spider (4/4) Lair:3        Slime (0/5) Lair:5
    Orc (2/2) D:11            Elf (1/3) Orc:2
 Vaults: D:13-14

Altars:
Ashenzari
Fedhas
Sif Muna
Vehumet
Xom
Zin
Beogh
Jiyva

Shops:
D:6 *!%(   D:10 ?   Orc:1 !   Orc:2 %*([

Annotations:
D:5 1 runed door
D:11 3 runed doors


Innate Abilities, Weirdness & Mutations

You are too large for most types of armour.
You have claws for hands.
Your metabolism is lightning-fast.
You like to eat raw meat.
Your natural rate of healing is unusually fast.
You are covered in fur. (AC +1)
You have very tough skin. (AC +2)
You possess an exceptional clarity of mind.
Your body sometimes deteriorates upon taking damage.
You are somewhat resistant to further mutation.
You are robust. (+10% HP)
You are weak. (Str -2)
Your spells are a little harder to cast, but a little more powerful.


Message History

You flicker for a moment.
The deep elf mage gestures at you while chanting.
The magic dart hits you!
* * * LOW HITPOINT WARNING * * *
You claw the deep elf mage!
The deep elf mage is moderately wounded.
You mangle the deep elf mage!!
The deep elf mage is almost dead.
The deep elf mage mumbles some strange words.
The deep elf mage conjures a globe of magical energy!
A battlesphere comes into view.
You barely miss the deep elf mage.
The deep elf mage is almost dead.
The deep elf mage gestures at you while chanting.
The lance of force hits you!
* * * LOW HITPOINT WARNING * * *
You collide with the battlesphere!
* * * LOW HITPOINT WARNING * * *
The battlesphere fires!
The barrage of energy hits you!
You die...

### #.......##(...(...#
.# ###.....###.?.......
## #......## #......b..
# #.###..# #.........
#.# #..# #........# #.#
#..# #........# #
#.###..# #))......# ##
#......# #e###.##.# .##
#####.## #@# ..##
##.#..# #*# ...#
##...#.####(###...
...+..........()).......
#######...#.####.....b..
##.##.# #####.#.# ####.#
.. #.# #. #.#


You could see a deep elf mage and a battlesphere.

Vanquished Creatures
  Asterion (Spider:1)
  Agnes (D:13)
  5 ghost moths
  An orc warlord (Orc:2)
  6 emperor scorpions
  4 entropy weavers
  2 spark wasps
  The ghost of Azzok the Cleaver, a journeyman DDBe of Trog (D:11)
  Harold (D:9)
  3 hydras
  A catoblepas (Lair:6)
  A dancing weapon (Elf:1)
  5 two-headed ogres
  A deep troll shaman (Lair:6)
  2 orc high priests (Orc:2)
  A hell hog (Spider:4)
  Urug (Orc:2)
  4 death yaks (Lair:6)
  4 deep elf knights (Elf:1)
  A fire crab (shapeshifter) (Elf:1)
  A fire crab (Lair:6)
  An unseen horror (D:13)
  2 deep elf archers (Elf:1)
  Pikel (D:4)
  7 ugly things
  A mana viper (Lair:3)
  16 orb spiders
  4 orc knights
  9 deep elf magi
  39 wolf spiders
  3 manticores
  2 moths of wrath
  An orc sorcerer (Orc:2)
  A cyclops (D:13)
  18 elephants
  An elephant (shapeshifter) (Spider:4)
  2 torpor snails
  A moth of wrath (shapeshifter) (D:13)
  5 black mambas
  Joseph (D:7)
  2 gargoyles
  5 spiny frogs
  6 komodo dragons
  15 demonic crawlers
  4 rime drakes
  A yaktaur (Spider:4)
  2 centaur skeletons
  A queen bee (D:9)
  3 trolls
  A merfolk (Spider:1)
  A polar bear (Lair:4)
  29 jumping spiders
  5 hornets (Spider:4)
  4 dream sheep (Lair:6)
  14 blink frogs
  7 hippogriffs
  A raiju (D:12)
  A shadow (D:11)
  31 tarantellas
  78 redbacks
  4 wyverns
  42 yaks
  5 basilisks
  A hungry ghost (D:11)
  4 steam dragons
  2 vampire mosquitoes (D:10)
  6 wargs
  An acid dragon (D:9)
  12 water moccasins
  13 porcupines
  An eye of draining (Spider:1)
  3 ice beasts
  43 orc warriors
  2 black bears (Lair:6)
  A hornet zombie (D:8)
  13 ogres
  A necrophage (D:9)
  12 wolves
  2 centaurs
  19 crocodiles
  A big kobold (D:9)
  Blork the orc (D:6)
  10 bullfrogs
  A wyvern skeleton (D:12)
  6 scorpions
  25 killer bees
  4 wights (D:11)
  3 howler monkeys
  An electric eel (Lair:6)
  3 crimson imps
  2 centaur zombies
  3 quasits
  2 bullfrog zombies
  A bullfrog skeleton (D:12)
  4 jellies
  20 orc priests
  7 hounds
  8 iguanas
  Terence (D:2)
  27 orc wizards
  8 worker ants
  2 worker ant zombies
  4 gnolls
  A howler monkey skeleton (D:7)
  6 adders
  A shadow imp (D:10)
  An ooze (D:2)
  2 adder skeletons (D:4)
  A worm (D:2)
  4 dart slugs
  6 leopard geckos
  130 orcs
  2 ball pythons (D:4)
  12 bats
  2 giant cockroaches (D:2)
  3 goblins (D:1)
  8 hobgoblins
  14 jackals
  5 quokkas
  A bat (shapeshifter) (D:11)
  5 frilled lizards
  6 kobolds
  A leopard gecko skeleton (D:7)
  2 quokka skeletons
  3 rats
  A bush (D:2)
921 creatures vanquished.

Vanquished Creatures (collateral kills)
  Gastronok (D:9)
  2 vault guards (D:14)
  A hydra (Lair:6)
  A wolf spider (Spider:4)
  An orb spider (Spider:1)
  An ugly thing (D:14)
  A cyclops (D:14)
  An elephant (Lair:3)
  A yaktaur (D:14)
  A jumping spider (Spider:1)
  4 redbacks (Spider:1)
  A warg (Orc:2)
  A phantom (D:10)
  A killer bee (D:9)
  A gnoll shaman (D:4)
  2 gnolls (D:4)
  2 orcs (Orc:2)
23 creatures vanquished.

Vanquished Creatures (others)
  A deep elf knight (Elf:1)
  A deep elf archer (Elf:1)
  A wolf spider (Spider:1)
  2 deep elf magi (Elf:1)
  A cyclops (D:13)
  3 redbacks (Spider:1)
  A steam dragon (D:8)
  An ogre (D:11)
  2 killer bees (D:9)
  An orc wizard (Orc:2)
  A hound (D:5)
  An orc (D:11)
  5 fungi
  A plant (Lair:3)
22 creatures vanquished.

Grand Total: 966 creatures vanquished

Notes
Turn   | Place    | Note
-------+----------+-------------------------------------------
     0 | D:1      | Htamos the Troll Chaos Knight began the quest for the Orb.
     0 | D:1      | Reached XP level 1. HP: 22/22 MP: 0/0
   118 | D:1      | Reached XP level 2. HP: 27/29 MP: 1/1
   340 | D:1      | Reached XP level 3. HP: 36/36 MP: 2/2
   748 | D:2      | XOM: harmless Tmut miscast
   954 | D:2      | Noticed Terence
   963 | D:2      | Killed Terence
   963 | D:2      | Reached skill level 4 in Unarmed Combat
   963 | D:2      | Reached XP level 4. HP: 42/44 MP: 3/3
  1245 | D:2      | XOM is BORED!
  1245 | D:2      | XOM: noise
  1575 | D:2      | XOM: harmless Chrm miscast
  1835 | D:2      | XOM is BORED!
  1835 | D:2      | XOM: noise
  1922 | D:3      | XOM: smoke on damage
  2073 | D:3      | XOM: mild Necr miscast
  2843 | D:4      | XOM: blink monster(s)
  2848 | D:4      | Reached XP level 5. HP: 43/52 MP: 4/4
  2853 | D:4      | XOM: mild Ice miscast
  2860 | D:4      | Reached skill level 5 in Unarmed Combat
  2982 | D:4      | XOM: butterfly on damage
  2985 | D:4      | Reached XP level 6. HP: 46/60 MP: 5/5
  3005 | D:4      | XOM is BORED!
  3005 | D:4      | XOM: 1-stop teleportation journey
  3081 | D:4      | XOM: confuse monster(s)
  3151 | D:4      | XOM: potion effect (invisibility)
  3286 | D:4      | XOM: blink monster(s)
  3298 | D:4      | XOM: confuse monster(s)
  3410 | D:4      | XOM: harmless Erth miscast
  3448 | D:4      | Noticed an ice beast
  3451 | D:4      | Killed an ice beast
  3451 | D:4      | Reached skill level 6 in Unarmed Combat
  3451 | D:4      | Reached XP level 7. HP: 67/67 MP: 6/6
  3579 | D:4      | Found a shattered altar of Ashenzari.
  3833 | D:4      | XOM: cloud trail
  3866 | D:5      | Entered Level 5 of the Dungeon
  3866 | D:5      | Noticed Pikel
  3883 | D:4      | Killed Pikel
  3883 | D:4      | Reached skill level 7 in Unarmed Combat
  3883 | D:4      | Reached XP level 8. HP: 70/78 MP: 7/7
  3899 | D:5      | XOM is BORED!
  3899 | D:5      | XOM: summons 4 hostile demons
  4139 | D:5      | Found a deep blue altar of Sif Muna.
  4140 | D:5      | Found a blossoming altar of Fedhas.
  4325 | D:5      | Found a runed door.
  4518 | D:6      | XOM: stealth player
  4548 | D:6      | Found a staircase to the Ecumenical Temple.
  4563 | D:6      | Reached skill level 5 in Fighting
  4563 | D:6      | Reached skill level 8 in Unarmed Combat
  4629 | D:6      | Found Rirch's Distillery.
  4632 | D:6      | Bought a potion of invisibility for 80 gold pieces
  4632 | D:6      | Bought a potion of berserk rage for 50 gold pieces
  4632 | D:6      | Bought a potion of might for 40 gold pieces
  4632 | D:6      | Bought 2 potions of might for 80 gold pieces
  4833 | D:6      | XOM: scenery: 2 doors open, 1 doors close
  4914 | D:6      | Found a radiant altar of Vehumet.
  4923 | D:6      | Found Zin's Purification Station.
  4925 | D:6      | Found a glowing silver altar of Zin.
  4949 | D:6      | Found Vouvud's Weapon Emporium.
  4953 | D:6      | Found Vuakuts's Food Shop.
  5037 | D:6      | Noticed Blork the orc
  5043 | D:6      | Killed Blork the orc
  5079 | D:6      | XOM: scenery: 1 doors close
  5307 | D:7      | XOM: confuse monster(s)
  5308 | D:7      | Reached skill level 5 in Dodging
  5401 | D:7      | Reached XP level 9. HP: 82/87 MP: 8/8
  5434 | D:7      | Reached skill level 9 in Unarmed Combat
  5476 | D:7      | XOM: 4-stop teleportation journey
  5508 | D:7      | XOM: smoke on damage
  5578 | D:7      | XOM: mild Chrm miscast
  5599 | D:7      | XOM is BORED!
  5599 | D:7      | XOM: summons 1 hostile demon
  5709 | D:7      | Noticed Joseph
  5722 | D:7      | XOM: divination: detect items
  5827 | D:7      | XOM: potion effect (haste)
  5834 | D:7      | Killed Joseph
  6005 | D:7      | XOM: harmless Conj miscast
  6265 | D:7      | XOM: cloud trail
  6495 | D:8      | XOM: god gift: runed war axe {god gift}
  6542 | D:8      | Reached skill level 10 in Unarmed Combat
  6649 | D:8      | Got a twisted battleaxe
  6650 | D:8      | Identified the +11 battleaxe of Tumult {vamp, rC+ rN+ Int+2} (You found it on level 8 of the Dungeon)
  7134 | D:8      | XOM: harmless Necr miscast
  7299 | D:9      | XOM: scenery: 1 doors open, 1 doors close
  7393 | D:9      | XOM: divine lightning
  7408 | D:9      | Reached XP level 10. HP: 99/99 MP: 9/9
  7409 | D:9      | XOM: god gift: leather armour {god gift}
  7427 | D:9      | XOM: 4-stop teleportation journey
  7569 | D:9      | XOM: polymorph killer bee -> iguana
  7576 | D:9      | XOM: potion effect (agility)
  7603 | D:9      | XOM: summons 2 friendly demons
  7606 | D:9      | XOM: cleaving
  7609 | D:9      | Reached skill level 11 in Unarmed Combat
  7671 | D:9      | XOM: give mutations
  7671 | D:9      | Gained mutation: You are somewhat resistant to further mutation. [Xom's grace]
  7671 | D:9      | Gained mutation: Your spells are a little harder to cast, but a little more powerful. [Xom's grace]
  7671 | D:9      | Gained mutation: You have a pair of small antennae on your head. [Xom's grace]
  7671 | D:9      | Gained mutation: Your muscles are strong. (Str +2) [Xom's grace]
  7750 | D:9      | XOM: confuse monster(s)
  7848 | D:9      | Noticed Gastronok
  7848 | D:9      | Noticed Harold
  7848 | D:9      | Noticed a two-headed ogre
  7862 | D:9      | Killed a two-headed ogre
  7868 | D:9      | XOM: cast spell 'Monstrous Menagerie'
  7869 | D:9      | XOM: confuse monster(s)
  7869 | D:9      | Killed Gastronok
  7869 | D:9      | Reached skill level 12 in Unarmed Combat
  7875 | D:9      | Killed Harold
  7875 | D:9      | Reached XP level 11. HP: 109/109 MP: 10/10
  8031 | D:9      | XOM: give mutations
  8031 | D:9      | Gained mutation: Your body sometimes deteriorates upon taking damage. [Xom's mischief]
  8031 | D:9      | Gained mutation: You possess an exceptional clarity of mind. [Xom's mischief]
  8054 | D:9      | XOM: cloud trail
  8078 | D:9      | Noticed a two-headed ogre
  8082 | D:9      | Killed a two-headed ogre
  8154 | D:9      | Noticed a two-headed ogre
  8161 | D:9      | XOM: enchant monster (bad)
  8167 | D:9      | Killed a two-headed ogre
  8234 | D:9      | Found a staircase to the Lair.
  8347 | D:10     | Entered Level 10 of the Dungeon
  8526 | D:10     | XOM: summons 4 friendly demons
  8859 | D:10     | XOM: god gift: pair of gloves {god gift}
  8888 | D:10     | XOM: scenery: create altars
  9049 | D:10     | Found Someud's Magic Scroll Shoppe.
  9052 | D:10     | XOM: divination: magic mapping
  9057 | D:10     | XOM: mild Necr miscast
  9064 | D:10     | XOM: confuse monster(s)
  9070 | D:10     | Reached skill level 13 in Unarmed Combat
  9310 | D:11     | Noticed a deep elf mage
  9311 | D:11     | XOM: chaos upgrade
  9318 | D:11     | Killed a deep elf mage
  9339 | D:11     | XOM: smoke on damage
  9351 | D:11     | Noticed a cyan ugly thing
  9366 | D:11     | XOM: noise
  9372 | D:11     | Killed a cyan ugly thing
  9373 | D:11     | XOM: mild Air miscast
  9413 | D:11     | Noticed a two-headed ogre
  9418 | D:11     | XOM: summons 6 friendly demons
  9421 | D:11     | XOM: fake destruction
  9424 | D:11     | XOM: polymorph orc -> rat
  9444 | D:11     | Killed a two-headed ogre
  9522 | D:11     | XOM is BORED!
  9522 | D:11     | XOM: 1-stop teleportation journey
  9563 | D:11     | XOM: cleaving
  9565 | D:11     | Found a staircase to the Orcish Mines.
  9634 | D:11     | Found a runed gate.
  9635 | D:11     | Found a runed gate.
  9635 | D:11     | Found a runed gate.
  9644 | D:11     | Noticed Azzok's ghost (journeyman DDBe)
  9646 | D:11     | Found a roughly hewn altar of Beogh.
  9672 | D:11     | XOM: scenery: 2 doors open
  9678 | D:11     | XOM: harmless Hex miscast
  9681 | D:11     | XOM: 6-stop teleportation journey
  9846 | D:11     | Reached XP level 12. HP: 113/120 MP: 11/11
  9931 | D:11     | Killed Azzok's ghost
 10052 | D:11     | Reached skill level 14 in Unarmed Combat
 10059 | D:11     | XOM: 3-stop teleportation journey
 10153 | D:11     | XOM: divination: detect creatures
 10384 | D:11     | XOM: scenery: create altars
 10415 | D:11     | XOM: fog
 10418 | D:11     | XOM: polymorph orc -> bat
 10727 | D:12     | XOM: polymorph orc warrior -> ogre
 10777 | D:12     | XOM: god gift: 63 gold pieces
 10820 | D:12     | Noticed a two-headed ogre
 10826 | D:12     | Killed a two-headed ogre
 10835 | D:12     | XOM is BORED!
 10835 | D:12     | XOM: polymorph orc warrior -> wolf
 11325 | D:12     | XOM: polymorph yak -> raiju
 11363 | D:12     | XOM: give mutation
 11363 | D:12     | Gained mutation: You are agile. (Dex +2) [Xom's grace]
 11791 | D:13     | Reached skill level 15 in Unarmed Combat
 11890 | D:13     | XOM: summons friendly quasit
 11902 | D:13     | XOM: harmless Tloc miscast
 11916 | D:13     | XOM: harmless Pois miscast
 12420 | D:14     | Noticed Agnes
 12438 | D:13     | Killed Agnes
 12438 | D:13     | Reached XP level 13. HP: 93/131 MP: 12/12
 12540 | D:14     | XOM: blink monster(s)
 12542 | D:14     | XOM: cast spell 'Summon Dragon'
 12560 | D:14     | XOM: smoke on damage
 12588 | D:14     | XOM: mild Fire miscast
 12837 | Orc:1    | Entered Level 1 of the Orcish Mines
 12907 | Orc:1    | XOM: chaos upgrade
 12932 | Orc:1    | XOM: summons friendly crimson imp
 12935 | D:11     | XOM: confuse monster(s)
 13072 | D:11     | XOM: destruction
 13075 | D:11     | XOM: enchant monster (good)
 13081 | D:11     | Reached skill level 10 in Fighting
 13522 | Orc:2    | Entered Level 2 of the Orcish Mines
 13522 | Orc:2    | Found a radiant altar of Vehumet.
 13602 | D:11     | XOM: cloud trail
 13714 | D:13     | XOM: god gift: 15 sling bullets
 13808 | D:14     | XOM: scenery: 1 doors open
 14211 | Orc:2    | Noticed Urug
 14227 | Orc:2    | Killed Urug
 14227 | Orc:2    | Reached skill level 10 in Dodging
 14407 | Orc:2    | Found a roughly hewn altar of Beogh.
 14441 | Orc:2    | Found a roughly hewn altar of Beogh.
 14442 | Orc:2    | Found Hevvixie's Food Emporium.
 14459 | Orc:2    | XOM: summons friendly white imp
 14473 | Orc:2    | XOM: enchant monster (good)
 14475 | Orc:2    | XOM: summons 4 friendly demons
 14508 | Orc:2    | XOM: noise
 14671 | Orc:2    | Found a roughly hewn altar of Beogh.
 14686 | Orc:2    | Reached skill level 1 in Shields
 14689 | Orc:2    | Found Tomorrie's Assorted Antiques.
 14711 | Orc:2    | Bought a fuming golden potion for 26 gold pieces
 14711 | Orc:2    | Bought a sedimented black potion for 26 gold pieces
 14711 | Orc:2    | Bought a fuming golden potion for 26 gold pieces
 14752 | Orc:2    | Found a staircase to the Elven Halls.
 14903 | Orc:2    | XOM: cast spell 'Olgreb's Toxic Radiance'
 14905 | Orc:2    | XOM: summons 6 friendly demons
 14995 | Orc:2    | Found a roughly hewn altar of Beogh.
 15016 | Orc:2    | Found a roughly hewn altar of Beogh.
 15117 | Orc:2    | XOM: blink monster(s)
 15137 | Orc:2    | Reached skill level 16 in Unarmed Combat
 15247 | Orc:2    | XOM: god gift: 16 gold pieces
 15365 | Orc:2    | XOM: mild Fire miscast
 15425 | Orc:2    | XOM: noise
 15691 | Orc:2    | XOM: enchant monster (bad)
 15706 | Orc:2    | Noticed an orc warlord
 15799 | Orc:2    | XOM: harmless Necr miscast
 15815 | Orc:2    | Killed an orc warlord
 15821 | Orc:2    | XOM: harmless Erth miscast
 15911 | Orc:2    | XOM: divination: detect creatures
 15914 | Orc:2    | XOM: summons 4 friendly demons
 15924 | Orc:2    | Found Woriodim's Antique Armour Shop.
 15925 | Orc:2    | Found a roughly hewn altar of Beogh.
 15928 | Orc:2    | Found Ceen Keo's Antique Weapon Boutique.
 15939 | Orc:2    | Bought a steaming robe for 142 gold pieces
 16243 | Orc:1    | Found Nutiluwi's Distillery.
 16252 | Orc:1    | Bought a potion of invisibility for 112 gold pieces
 16465 | Lair:1   | Entered Level 1 of the Lair of Beasts
 16948 | Lair:1   | XOM: silly message
 17347 | Lair:2   | XOM is BORED!
 17347 | Lair:2   | XOM: medium Hex miscast
 17955 | Lair:3   | XOM: polymorph elephant -> mana viper
 17959 | Lair:3   | XOM: summons 8 friendly demons
 17962 | Lair:3   | Reached XP level 14. HP: 108/144 MP: 3/13
 17962 | Lair:3   | XOM: enchant monster (good)
 18082 | Lair:3   | Found a hole to the Spider Nest.
 18088 | Lair:3   | XOM: divine lightning
 18105 | Lair:3   | XOM: fake destruction
 18152 | Lair:3   | XOM: scenery: create altars
 18343 | Lair:3   | XOM: god gift: 5 large rocks
 18366 | Lair:3   | Identified the +1 robe "Wapukou" {Dex+3} (You bought it in a shop on level 2 of the Orcish Mines)
 18369 | Lair:3   | XOM: cloud trail
 18733 | Lair:3   | XOM: silly message
 18946 | Lair:3   | XOM: noise
 19003 | Lair:4   | Found a staircase to the Shoals.
 19318 | Lair:4   | XOM: confuse monster(s)
 19736 | Lair:4   | XOM: noise
 19757 | Lair:4   | XOM: noise
 19948 | Lair:5   | Reached skill level 17 in Unarmed Combat
 19952 | Lair:5   | XOM: polymorph wolf -> steam dragon
 20107 | Lair:5   | Found a viscous altar of Jiyva.
 20107 | Lair:5   | Found a staircase to the Slime Pits.
 20194 | Lair:5   | XOM: fog
 20225 | Lair:5   | XOM: scenery: create altars
 20226 | Lair:5   | XOM: confuse monster(s)
 20246 | Lair:5   | XOM: confuse monster(s)
 20261 | Lair:5   | XOM: summons 5 friendly demons
 20275 | Lair:5   | XOM: cleaving
 20669 | Lair:6   | Entered Level 6 of the Lair of Beasts
 20849 | Lair:6   | XOM: cast spell 'Statue Form'
 20974 | Lair:6   | XOM: divination: detect creatures
 21048 | Lair:6   | XOM is BORED!
 21048 | Lair:6   | XOM: medium Necr miscast
 21131 | Lair:6   | XOM: god gift: scroll of teleportation
 21177 | Lair:6   | XOM: polymorph blink frog -> black bear
 21215 | Lair:6   | XOM: confuse monster(s)
 21392 | Lair:6   | Reached skill level 5 in Shields
 21607 | Lair:6   | XOM: cast spell 'Ring of Flames'
 21687 | Lair:6   | XOM: cast spell 'Summon Horrible Things'
 21737 | Lair:6   | Got a fine pewter ring
 21770 | Lair:6   | XOM: enchant monster (good)
 22098 | Lair:5   | XOM: smoke on damage
 22178 | Spider:1 | Entered Level 1 of the Spider Nest
 22189 | Lair:3   | Reached XP level 15. HP: 129/154 MP: 14/14
 22215 | Spider:1 | XOM: polymorph wolf spider -> merfolk
 22297 | Spider:1 | XOM: cast spell 'Olgreb's Toxic Radiance'
 22302 | Spider:1 | XOM: cast spell 'Metabolic Englaciation'
 22629 | Spider:1 | XOM: potion effect (brilliance)
 22684 | Spider:1 | XOM: cleaving
 22776 | Spider:1 | XOM: scenery: create altars
 22796 | Spider:1 | Identified the ring "Vudirim" {*Tele Stlth+} (You found it on level 6 of the Lair of Beasts)
 22805 | Spider:1 | XOM: enchant monster (good)
 22806 | Spider:1 | XOM: cast spell 'Summon Mana Viper'
 22817 | Spider:1 | XOM: divine lightning
 22897 | Spider:1 | Noticed Asterion
 22907 | Spider:1 | XOM: summons 15 friendly demons
 22912 | Spider:1 | Killed Asterion
 22914 | Spider:1 | Reached skill level 18 in Unarmed Combat
 22915 | Spider:1 | XOM: enchant monster (good)
 22916 | Spider:1 | Got a brightly glowing shield
 22919 | Spider:1 | XOM: enchant monster (good)
 23010 | Lair:3   | Identified the +2 shield "Damnable Contraption" {Regen+ Int+2} (You took it off Asterion on level 1 of the Spider Nest)
 23068 | Spider:1 | XOM: summons 6 friendly demons
 23333 | Spider:1 | XOM: 2-stop teleportation journey
 23416 | Spider:1 | XOM: potion effect (brilliance)
 23595 | Spider:1 | XOM: harmless Erth miscast
 23674 | Spider:1 | XOM: summons 1 hostile demon
 23981 | Spider:2 | XOM: polymorph tarantella -> eye of draining
 24174 | Spider:2 | XOM: fog
 24497 | Spider:2 | XOM: confuse monster(s)
 24529 | Spider:2 | XOM: summons friendly crimson imp
 24563 | Spider:1 | XOM: smoke on damage
 24703 | Spider:2 | XOM: cast spell 'Ring of Flames'
 24822 | Spider:2 | XOM: summons friendly ufetubus
 25005 | Spider:2 | XOM: harmless Erth miscast
 25094 | Spider:2 | XOM: divination: detect items
 25095 | Spider:2 | XOM: cast spell 'Summon Butterflies'
 25197 | Spider:2 | XOM: harmless Fire miscast
 25364 | Spider:3 | XOM: enchant monster (good)
 25427 | Spider:3 | XOM: medium Necr miscast
 25508 | Spider:3 | Reached XP level 16. HP: 147/165 MP: 15/15
 25787 | Spider:3 | XOM: enchant monster (bad)
 26050 | Spider:3 | XOM: swap monsters
 26267 | Spider:4 | Entered Level 4 of the Spider Nest
 26290 | Spider:4 | XOM: polymorph jumping spider -> elephant
 26380 | Spider:4 | XOM: swap monsters
 26446 | Spider:4 | XOM: give mutations
 26446 | Spider:4 | Lost mutation: You have a pair of small antennae on your head. [Xom's mischief]
 26446 | Spider:4 | Lost mutation: Your muscles are strong. (Str +2) [Xom's mischief]
 26446 | Spider:4 | Lost mutation: You are agile. (Dex +2) [Xom's mischief]
 26446 | Spider:4 | Gained mutation: You are weak. (Str -2) [Xom's mischief]
 26455 | Spider:4 | XOM: cleaving
 26460 | Spider:4 | Reached skill level 19 in Unarmed Combat
 26542 | Spider:4 | XOM: harmless Erth miscast
 26930 | Spider:4 | Identified Easy Theurgy
 27008 | Spider:4 | XOM: chaos cloud
 27038 | Spider:4 | XOM: polymorph demonic crawler -> hell hog
 27114 | Spider:4 | XOM: cleaving
 27116 | Spider:4 | XOM: harmless Ice miscast
 27118 | Spider:4 | XOM: harmless Chrm miscast
 27129 | Spider:4 | XOM: blink monster(s)
 27139 | Spider:4 | XOM: silly message
 27292 | Spider:4 | XOM: summons 16 friendly demons
 27346 | Spider:4 | XOM: polymorph orb spider -> yaktaur
 27744 | Spider:4 | XOM: smoke on damage
 27751 | Spider:4 | XOM: harmless Summ miscast
 27762 | Spider:4 | XOM: summons 2 hostile demons
 27769 | Spider:4 | XOM: confuse monster(s)
 27894 | Spider:4 | XOM: repel stairs
 27901 | Spider:4 | Reached skill level 1 in Armour
 27943 | Spider:4 | XOM: enchant monster (good)
 27962 | Spider:4 | XOM: give mutation
 27962 | Spider:4 | Gained mutation: You are robust. (+10% HP) [Xom's mischief]
 28044 | Spider:4 | XOM: swap monsters
 28045 | Spider:4 | XOM: summons 16 friendly demons
 28077 | Spider:4 | XOM: chaos cloud
 28103 | Spider:4 | XOM: mild Necr miscast
 28110 | Spider:4 | XOM: swap monsters
 28295 | Spider:4 | XOM: divination: magic mapping
 28588 | Spider:4 | Got a gossamer rune of Zot
 28851 | Spider:2 | XOM: mild Ice miscast
 29117 | D:11     | XOM: harmless Erth miscast
 29183 | Elf:1    | Entered Level 1 of the Elven Halls
 29197 | Elf:1    | XOM: noise
 29249 | Elf:1    | XOM: harmless Erth miscast
 29454 | Elf:1    | XOM: harmless Chrm miscast
 29503 | Elf:1    | XOM: cast spell 'Summon Ice Beast'
 29520 | Elf:1    | XOM: cast spell 'Summon Butterflies'
 29532 | Elf:1    | XOM: harmless Fire miscast
 29536 | Elf:1    | Reached XP level 17. HP: 83/192 MP: 16/16
 29553 | Elf:1    | HP: 4/192 [battlesphere collision (17)]
 29553 | Elf:1    | Killed from afar by a battlesphere

Vault maps used:
D:1:      dpeg_arrival_orchard, minmay_hexomino_c4
D:2:      serial_forest, infiniplex_forest_clump_diagonal,
          infiniplex_forest_zigzag_2, infiniplex_forest_end_1,
          infiniplex_forest_clump_curved, infiniplex_forest_lined_room_2,
          uniq_terence
D:3:      first_ration, minmay_misc_feat_four_crosses
D:4:      kennysheep_mini
D:5:      gammafunk_temple_overflow_pools, uniq_crazy_yiuf_cottage, uniq_pikel
D:6:      zin_purify, lemuel_doored_altar,
          minmay_temple_entry_statues_fountains, serial_shops,
          nicolae_shop_trees, nicolae_shop_statue_plus, shop, uniq_blork_the_orc
D:7:      minmay_misc_feat_cross, uniq_joseph
D:8:      cheibrodos_steamvent
D:9:      erik_lair_dragon, david_nohive_1, uniq_gastronok, uniq_harold
D:10:     serial_shops, nicolae_shop_stone, hangedman_decor_diamond_cutter
D:11:     hiddenorc2_lemuel, special_room, biasface_ghost_orc_armoury
D:14:     grunt_vaults_entry_fortified, hangedman_abyss_or_decor_slice,
          uniq_agnes
Lair:1:   infiniplex_staircase_pool_2, lemuel_fruit_tree
Lair:3:   spider_nest_entry_a, st_stairs_5
Lair:4:   minmay_shoals_entry_beasts
Lair:5:   slime_altar_1
Lair:6:   grunt_lair_end_beastmaster, infiniplex_staircase_pool
Spider:1: hangedman_spider_tarantella_strand, uniq_asterion
Spider:2: spiders_nest_spider_trap
Spider:4: grunt_spider_rune_parallel
Orc:1:    serial_shops, shop_fountains, nicolae_orc_flooded_monolith
Orc:2:    grunt_orc_community_town_hall, grunt_orc_community_big_house_1,
          grunt_orc_community_big_house_1, grunt_orc_community_house_2,
          grunt_orc_community_house_2, grunt_orc_community_house_3,
          grunt_orc_community_house_3, grunt_orc_community_house_3,
          grunt_orc_community_house_3, basic_altar, nooodl_orcs_dogs, uniq_urug
Elf:1:    eino_elf_arrival_customs, orc_legates, minmay_strange_pillars,
          minivault_5

Skill      XL: |  1  2  3  4  5  6  7  8  9 10 11 12 13 14 15 16 |
---------------+-------------------------------------------------+-----
Dodging        | 2 3 4 5 6 7 8 9 10 11 12 | 12.6
Unarmed Combat | 4 5 6 7 8 10 12 13 15 16 17 18 19 | 19.7
Fighting       | 3 4 5 6 7 8 9 10 11 12 | 12.7
Shields        | 3 5 7 8 |  8.3
Armour         | 2 |  2.7

Action                   |  1- 3 |  4- 6 |  7- 9 | 10-12 | 13-15 | 16-18 || total
-------------------------+-------+-------+-------+-------+-------+-------++-------
Melee: Unarmed           |    85 |   145 |   285 |   647 |  1426 |   489 ||  3077
       Punch             |       |     1 |     7 |    43 |    11 |       ||    62
Throw: Javelin           |       |       |       |       |     4 |       ||     4
Evoke: Wand              |       |       |     2 |     5 |    15 |     6 ||    28
  Use: Scroll            |     1 |     1 |     5 |    12 |    19 |     4 ||    42
       Potion            |       |       |       |     2 |     8 |     3 ||    13
 Stab: Confused          |       |     2 |       |       |     2 |     1 ||     5
       Invisible         |       |     1 |       |       |       |       ||     1
       Paralysed         |       |       |       |     9 |     3 |     4 ||    16
       Sleeping          |       |       |       |     1 |     1 |       ||     2
       Distracted        |       |       |       |       |     3 |       ||     3
       Petrified         |       |       |       |       |     7 |       ||     7
  Eat: Chunk             |    14 |    23 |    36 |    56 |   105 |    18 ||   252
       Ration            |       |       |       |       |     3 |     5 ||     8
Armor: Robe              |    34 |    33 |    51 |       |    33 |       ||   151
       Steam dragon scal |       |       |    13 |   123 |    19 |       ||   155
       Troll leather arm |       |       |       |       |   162 |   104 ||   266
       Acid dragon scale |       |       |       |       |    16 |       ||    16
       Skin              |       |       |       |       |     1 |       ||     1
Dodge: Dodged            |    45 |    44 |   143 |   376 |   612 |   195 ||  1415
Block: Other             |       |    10 |    41 |    96 |    17 |       ||   164
       Reflection        |       |       |       |     2 |    10 |    18 ||    30
       Large shield      |       |       |       |       |   837 |   340 ||  1177
       Shield            |       |       |       |       |   403 |   130 ||   533

Table legend:
 A = Spawn XP
 B = Non-spawn XP
 C = Spawn XP percentage of total XP
 D = Spawn monster count
 E = Non-spawn monster count
 F = Spawn count percentage of total count
 G = Total turns spent on level
                    A         B        C        D         E        F      G
               +---------+---------+-------+---------+---------+-------+---------
         Total |       0 |  217366 |   0.0 |       0 |     952 |   0.0 | 29553
               +---------+---------+-------+---------+---------+-------+---------
           D:1 |       0 |      67 |   0.0 |       0 |      31 |   0.0 |   618
           D:2 |       0 |      76 |   0.0 |       0 |      12 |   0.0 |  1233
           D:3 |       0 |      46 |   0.0 |       0 |      10 |   0.0 |   972
           D:4 |       0 |    1372 |   0.0 |       0 |      26 |   0.0 |  1060
           D:5 |       0 |     406 |   0.0 |       0 |      16 |   0.0 |   635
           D:6 |       0 |     393 |   0.0 |       0 |       7 |   0.0 |   853
           D:7 |       0 |    1754 |   0.0 |       0 |      19 |   0.0 |  1070
           D:8 |       0 |    1064 |   0.0 |       0 |      17 |   0.0 |   824
           D:9 |       0 |    9167 |   0.0 |       0 |      54 |   0.0 |  1447
          D:10 |       0 |    1904 |   0.0 |       0 |      17 |   0.0 |  1078
          D:11 |       0 |   12457 |   0.0 |       0 |     129 |   0.0 |  1950
          D:12 |       0 |    5701 |   0.0 |       0 |      29 |   0.0 |   899
          D:13 |       0 |    6734 |   0.0 |       0 |      17 |   0.0 |  1337
          D:14 |       0 |    3379 |   0.0 |       0 |       8 |   0.0 |   216
        Lair:1 |       0 |    4205 |   0.0 |       0 |      22 |   0.0 |   869
        Lair:2 |       0 |    2711 |   0.0 |       0 |      14 |   0.0 |   674
        Lair:3 |       0 |   14632 |   0.0 |       0 |      42 |   0.0 |  1551
        Lair:4 |       0 |    4483 |   0.0 |       0 |      18 |   0.0 |   905
        Lair:5 |       0 |    5544 |   0.0 |       0 |      27 |   0.0 |   841
        Lair:6 |       0 |   18676 |   0.0 |       0 |      50 |   0.0 |  1425
      Spider:1 |       0 |   30629 |   0.0 |       0 |      81 |   0.0 |  1967
      Spider:2 |       0 |    9746 |   0.0 |       0 |      28 |   0.0 |   642
      Spider:3 |       0 |   14576 |   0.0 |       0 |      21 |   0.0 |  1254
      Spider:4 |       0 |   42797 |   0.0 |       0 |     103 |   0.0 |  2379
         Orc:1 |       0 |    2029 |   0.0 |       0 |      32 |   0.0 |   512
         Orc:2 |       0 |   10495 |   0.0 |       0 |     103 |   0.0 |  1972
         Elf:1 |       0 |   12323 |   0.0 |       0 |      19 |   0.0 |   370
               +---------+---------+-------+---------+---------+-------+---------
